 Dungeon Crawl Stone Soup version 0.18.1-50-g88ac8fd (webtiles) character file.

238 Chiseanne the Gusty (level 5, -1/38 HPs)
             Began as a Centaur Air Elementalist on Oct 7, 2016.
             Slain by a hound (3 damage)
             ... on level 4 of the Dungeon.
             The game lasted 00:08:33 (3330 turns).

Chiseanne the Gusty (Centaur Air Elementalist)      Turns: 3330, Time: 00:08:33

Health: -1/38      AC: 14    Str: 10    XL:     5   Next: 78%
Magic:  9/9        EV:  7    Int: 15    God:
Gold:   192        SH:  0    Dex: 10    Spells: 1 memorised, 8 levels left

rFire  . . .     SeeInvis .     a - +2 dagger (elec)
rCold  + . .     Gourm    .     r - +1 leather armour {rC+}
rNeg   . . .     Faith    .     (no shield)
rPois  .         Spirit   .     k - +0 helmet
rElec  .         Dismiss  .     (no cloak)
rCorr  .         Reflect  .     f - +1 pair of gloves
SustAt .         Harm     .     d - +2 centaur barding
MR     .....                    (no amulet)
Stlth  +.........               (no ring)
                                (no ring)

@: lethally poisoned (-1 -> -38), very quick, not resistant to hostile
enchantments, very unstealthy
A: hooves 3, deformed body, speed 2, tough skin 3
a: no special abilities


You were on level 4 of the Dungeon.
You were not hungry.

You visited 1 branch of the dungeon, and saw 4 of its levels.

You collected 192 gold pieces.

Inventory:

Hand Weapons
 a - a +2 dagger of electrocution (weapon)
 s - a +0 hand axe
Missiles
 e - 164 stones (quivered)
 m - 23 bolts
 n - 29 arrows
 p - 5 javelins
Armour
 d - a +2 centaur barding (worn)
 f - a +1 pair of gloves (worn)
 k - a +0 helmet (worn)
 r - a +1 leather armour of cold resistance (worn)
Wands
 j - a wand of iceblast (15/15)
Scrolls
 g - a scroll of fear
 h - a scroll of remove curse
Potions
 i - a potion of cure mutation
Books
 b - a book of Air

   Spells                             Type                      Level
   a - Shock                          Conjuration/Air              1
   b - Swiftness                      Charms/Air                   2
   c - Repel Missiles                 Charms/Air                   2
   d - Static Discharge               Conjuration/Air              3
   e - Lightning Bolt                 Conjuration/Air              5
Comestibles
 c - 2 bread rations
 l - a chunk of flesh
 o - a meat ration


   Skills:
 - Level 1.3 Dodging
 - Level 1.2 Stealth
 * Level 2.9 Spellcasting
 * Level 3.1 Conjurations
 * Level 3.9 Air Magic


You had 8 spell levels left.
You knew the following spells:

 Your Spells              Type           Power        Failure   Level  Hunger
a - Shock                 Conj/Air       ##..         10%         1    #......


Dungeon Overview and Level Annotations

Branches:
Dungeon (4/15)
 Temple: D:4-7

Altars:
Cheibriados
Kikubaaqudgha
Nemelex Xobeh
Okawaru
Qazlal
Sif Muna
Trog
Yredelemnul
Zin

Annotations:
D:4 Eustachio


Innate Abilities, Weirdness & Mutations

You have hooves in place of feet.
Armour fits poorly on your strangely shaped body.
You cover ground very quickly.
You have extremely tough skin (AC +3).


Message History

You are more poisoned.
The hound bites you.
* * * LOW HITPOINT WARNING * * *
The rat bites you but does no damage.
You hit Eustachio but do no damage. Your kick misses Eustachio.
Eustachio is almost dead.
* * * LOW HITPOINT WARNING * * *
You feel sick. The hound bites you but does no damage.
Eustachio mumbles some strange words.
The rat bites you but does no damage.
You closely miss Eustachio.
Eustachio is almost dead.
* * * LOW HITPOINT WARNING * * *
You feel very sick. The hound barely misses you.
Eustachio hits you with a rapier of venom.
* * * LOW HITPOINT WARNING * * *
You are more poisoned.
The hound bites you.
You die...

#####
#...###############
#.....rb@@r5..5....
#...######h5.......
#...# #r.......>
##.## #######...
#.# #. #.## ###
#..## #.# ...#
##..#####.## ....#
##.....#..##


You could see Eustachio, a hound, an iron imp, a quasit, a crimson imp, a bat
and 3 rats.

Vanquished Creatures
  2 hounds (D:4)
  Natasha (thrice) (D:2)
  2 adders
  3 worms
  An adder skeleton (D:4)
  3 dart slugs
  2 giant geckos
  4 orcs
  3 giant cockroaches
  15 hobgoblins
  6 kobolds
  A ball python (D:1)
  6 bats
  11 goblins
  4 rats
66 creatures vanquished.

Notes
Turn   | Place    | Note
--------------------------------------------------------------
     0 | D:1      | Chiseanne the Centaur Air Elementalist began the quest for the Orb.
     0 | D:1      | Reached XP level 1. HP: 14/14 MP: 3/3
   153 | D:1      | Reached skill level 1 in Conjurations
   307 | D:1      | Reached XP level 2. HP: 20/20 MP: 0/4
   615 | D:1      | HP: 1/20 [kobold/dagger of electrocution (9)]
  1364 | D:2      | Reached XP level 3. HP: 24/26 MP: 6/6
  1474 | D:2      | Found a snail-covered altar of Cheibriados.
  1481 | D:2      | Found an ancient bone altar of Kikubaaqudgha.
  1486 | D:2      | Found a deep blue altar of Sif Muna.
  1493 | D:2      | Found a basalt altar of Yredelemnul.
  1498 | D:2      | Found a bloodstained altar of Trog.
  1505 | D:2      | Found a stormy altar of Qazlal.
  1510 | D:2      | Found a sparkling altar of Nemelex Xobeh.
  1544 | D:2      | Noticed Natasha
  1563 | D:2      | Killed Natasha
  1628 | D:2      | Noticed Natasha
  1634 | D:2      | Killed Natasha
  1634 | D:2      | Reached XP level 4. HP: 33/33 MP: 0/7
  1784 | D:2      | Found a glowing silver altar of Zin.
  1871 | D:2      | Noticed Natasha
  1882 | D:2      | Killed Natasha
  2152 | D:2      | Reached XP level 5. HP: 38/38 MP: 0/8
  2499 | D:3      | Found an iron altar of Okawaru.
  3317 | D:4      | Noticed Eustachio
  3330 | D:4      | Slain by a hound

Skill      XL: |  1  2  3  4  5 |
---------------+----------------+-----
Conjurations   | 1 2 3 |  3.1
Air Magic      | 3 |  3.9
Spellcasting   | 2 |  2.9
Dodging        | |  1.3
Stealth        | |  1.2

Action                   |  1- 3 |  4- 6 || total
-------------------------+-------+-------++-------
Melee: Short sword       |    16 |       ||    16
       Kick              |     7 |    15 ||    22
       Dagger            |    34 |    83 ||   117
       Hand axe          |     3 |       ||     3
Throw: Stone             |     4 |       ||     4
 Cast: Shock             |    36 |    25 ||    61
  Use: Scroll            |     5 |     3 ||     8
       Potion            |     4 |     2 ||     6
  Eat: Chunk             |     2 |     5 ||     7
Armor: Robe              |    35 |    15 ||    50
       Leather armour    |       |    49 ||    49
Dodge: Dodged            |    15 |    21 ||    36
